 Dungeon Crawl Stone Soup version 0.31-a0-818-ge7c7cf74f0 (webtiles) character file.

Game seed: 15157683188089689208

549 quinnr the Stinger (level 7, -1/36 HPs)
             Began as a Tengu Venom Mage on Sept 22, 2023.
             Succumbed to a water moccasin's poison
             ... on level 4 of the Dungeon.
             The game lasted 00:12:12 (4938 turns).

quinnr the Stinger (Tengu Venom Mage)               Turns: 4938, Time: 00:12:13

Health: -1/36      AC:  4    Str:  8    XL:     7   Next: 28%
Magic:  12/12      EV: 16    Int: 18    God:
Gold:   218        SH:  0    Dex: 16    Spells: 3/12 levels left

rFire   . . .        a - staff of conjuration {!a}
rCold   . . .        (no shield)
rNeg    . . .        i - +1 leather armour of Sunlight {Will+ Dex+2}
rPois   .            (helmet restricted)
rElec   .            (no cloak)
rCorr   .            (no gloves)
SInv    .            (boots unavailable)
Will    +....        j - amulet of regeneration
Stlth   ++           (no ring)
HPRegen 1.06/turn    (no ring)
MPRegen 0.13/turn

%: acrobat
@: lethally poisoned (-1 -> -5), attractive, flying
A: beak, talons 3, evasive flight, acrobatic
a: no special abilities


You were on level 4 of the Dungeon.
You visited 1 branch of the dungeon, and saw 5 of its levels.

You collected 218 gold pieces.


Innate Abilities, Weirdness & Mutations

You have a beak for a mouth.
You have claws for feet.
Your magical flight helps you evade attacks. (EV +4)
You can magically evade attacks while moving or waiting.


   Skills:
 + Level 2.9 Armour
 - Level 2.1 Dodging
 - Level 2.0 Stealth
 - Level 3.0 Spellcasting
 + Level 3.6 Conjurations
 - Level 1.0 Transmutations
 + Level 3.8 Air Magic
 + Level 4.5 Poison Magic
 + Level 2.7 Evocations


You had 3 spell levels left.
You knew the following spells:

 Your Spells              Type           Power      Damage    Failure   Level
m - Mephitic Cloud        Conj/Pois/Air  25%        N/A       13%         3
p - Poisonous Vapours     Pois/Air       34%        N/A       6%          2
z - Sting                 Tmut/Pois      48%        1d5       8%          1
X - Ignite Poison         Fire/Tmut/Pois 9%         N/A       32%         3

Your spell library contained the following spells:

 Spells                   Type           Power      Damage    Failure   Level
 Necrotise                Necr           8%         1d4       22%         1
 Vampiric Draining        Necr           2%         2d6       56%         3
 Olgreb's Toxic Radiance  Pois           19%        N/A       34%         4
 Sticky Flame             Conj/Fire      14%        2d4       71%         4
 Agony                    Necr           2%         N/A       99%         5
 Ignition                 Fire           1%         3d3       100%        8

Inventory:

Hand Weapons
 b - a +4 dagger
 k - a +1 dagger of electrocution
Missiles
 s - 3 throwing nets {=f}
Armour
 d - a +0 robe
 i - the +1 leather armour of Sunlight (worn) {Will+ Dex+2}
   (You found it on level 3 of the Dungeon)

   Dex+2:     It affects your dexterity (+2).
   Will+:     It increases your willpower.
Magical Staves
 a - a staff of conjuration (weapon) {!a}
Jewellery
 j - an amulet of regeneration (around neck)
Scrolls
 f - 2 scrolls of amnesia
 g - a scroll of teleportation {@r2}
 l - 2 scrolls of fog
 n - a scroll of fear {unknown}
 p - a scroll of enchant armour {unknown}
 u - a scroll of identify {@r1}
Potions
 c - a potion of might {unknown}
 h - a potion of haste {@q3}
 m - a potion of magic
 o - a potion of curing {unknown}
 q - a potion of brilliance {unknown}
 r - a potion of lignification {unknown}
 t - a potion of heal wounds {unknown}
 v - a potion of attraction
 w - a potion of cancellation {unknown}

Dungeon Overview and Level Annotations

Branches:
Dungeon (5/15)
 Temple: D:4-7

Altars:
Fedhas
Gozag
Hepliaklqana
Zin

##.###
#.......###.#....
#...#
#.............###
###)#
#########..##.### #.#
##.........#..
####.######
#........###.#
.....##...#
#####....#........
..........#
#.....##.#........
.....#....#
#.................
..........#
#@....##.#....#..#
.....##...#
#.....##...#..#.##
####.##...#
#.....#####...#..#
##........# #.....#
#........#
##...##...######.....#
#.###.##.#
##........#......#####
#.###....#
##...##...#.###..##
#........#
##...##...#.# #####
####...#.#
##...##...#>####>###
##.#.#.#


There were no monsters in sight!


Message History

* * * LOW HITPOINT WARNING * * *
You are splashed with acid.
* * * LOW HITPOINT WARNING * * *
The water moccasin misses you.
As you read the scroll of teleportation {@r2}, it crumbles to dust.
You feel strangely unstable.
You feel very sick. The water moccasin closely misses you.
The jelly hits you but does no damage.
Unknown command.
Unknown command.
Okay, then.
You feel very sick.
The water moccasin attacks as it pursues you!
The water moccasin completely misses you.
Unknown command.
You feel sick. The water moccasin bites you.
* * * LOW HITPOINT WARNING * * *
You are lethally poisoned!
The water moccasin poisons you! The jelly attacks as it pursues you!
The jelly completely misses you.
Unknown command.
Okay, then.
Unknown command.
Your surroundings suddenly seem different.
* * * LOW HITPOINT WARNING * * *
You feel very sick.
Unknown command.
It was a potion of attraction.
You feel attractive to monsters.
You die...

Skill      XL: |  1  2  3  4  5  6 |
---------------+-------------------+-----
Conjurations   | 1 2 3 |  3.6
Air Magic      | 1 2 3 |  3.8
Evocations     | 1 2 |  2.7
Armour         | 1 2 |  2.9
Spellcasting   | 3 |  3.0
Poison Magic   | 4 |  4.5
Transmutations | 1 |  1.0
Dodging        | |  2.1
Stealth        | |  2.0

Action                     |  1- 3 |  4- 6 |  7- 9 || total
---------------------------+-------+-------+-------++-------
  Melee: Staff             |     6 |    39 |     2 ||    47
         Kick              |     3 |    16 |       ||    19
         Peck              |     1 |    10 |     1 ||    12
         Punch             |       |       |     1 ||     1
   Cast: Sting             |    33 |    30 |     5 ||    68
         Poisonous Vapours |    13 |    69 |     1 ||    83
         Mephitic Cloud    |       |     5 |       ||     5
    Use: Scroll            |     5 |       |     2 ||     7
         Potion            |       |       |     1 ||     1
   Stab: Confused          |       |     2 |       ||     2
 Armour: Robe              |    11 |       |       ||    11
         Leather armour    |     2 |    48 |     6 ||    56
  Dodge: Dodged            |    18 |    78 |    17 ||   113

Levels and vault maps discovered:
D:1:      amcnicky_arrival_choice, layout_loops_ring,
          ebering_ecumenical_altar_petrified
D:2:      layout_loops_cross
D:3:      layout_loops_ring, serial_glass, glass_columns_c, glass_columns_a
D:4:      layout_basic, nicolae_overflow_hidden_temple,
          nicolae_figureground_sparkle
D:5:      layout_rooms, dk_vineyard_3, kennysheep_generic_room_14

Notes
Turn   | Place    | Note
-------+----------+-------------------------------------------
     0 | D:1      | quinnr the Tengu Venom Mage began the quest for the Orb.
     0 | D:1      | Reached XP level 1. HP: 10/10 MP: 4/4
   168 | D:1      | Found a faded altar of an unknown god.
   428 | D:2      | Reached XP level 2. HP: 11/15 MP: 0/6
   499 | D:2      | Learned a level 2 spell: Poisonous Vapours
   904 | D:2      | Reached XP level 3. HP: 19/19 MP: 1/7
  1222 | D:3      | Learned a level 3 spell: Mephitic Cloud
  1548 | D:3      | Identified the +1 leather armour of Sunlight {Will+ Dex+2}
  1686 | D:3      | Reached skill level 1 in Conjurations
  1686 | D:3      | Reached skill level 1 in Air Magic
  2171 | D:4      | Reached XP level 4. HP: 24/24 MP: 2/9
  2265 | D:4      | Reached skill level 1 in Evocations
  2524 | D:4      | Reached skill level 1 in Armour
  2780 | D:4      | Reached skill level 2 in Air Magic
  2780 | D:4      | Reached XP level 5. HP: 28/28 MP: 3/10
  2897 | D:4      | Reached skill level 2 in Conjurations
  2914 | D:4      | Reached skill level 3 in Spellcasting
  3405 | D:4      | Found a glowing silver altar of Zin.
  3405 | D:4      | Found a blossoming altar of Fedhas.
  3467 | D:4      | Reached skill level 4 in Poison Magic
  3762 | D:4      | Reached XP level 6. HP: 32/32 MP: 0/11
  3901 | D:4      | Found a hazy altar of Hepliaklqana.
  3903 | D:4      | Found an opulent altar of Gozag.
  4002 | D:5      | Entered Level 5 of the Dungeon
  4067 | D:4      | Learned a level 3 spell: Ignite Poison
  4205 | D:5      | Reached skill level 2 in Armour
  4205 | D:5      | Reached skill level 2 in Evocations
  4211 | D:5      | Reached skill level 1 in Transmutations
  4211 | D:5      | Reached skill level 3 in Air Magic
  4473 | D:5      | Reached skill level 3 in Conjurations
  4779 | D:5      | Gained mutation: Your magical flight helps you evade
                  | attacks. (EV +4) [Tengu growth]
  4779 | D:5      | Reached XP level 7. HP: 36/36 MP: 0/12
  4937 | D:4      | HP: 1/36 [poisoned by a water moccasin]
  4938 | D:4      | Succumbed to a water moccasin's poison

Vanquished Creatures
  2 ogres
  A scorpion (D:5)
  An orc priest (D:5)
  A gnoll bouda (D:3)
  2 orc wizards (D:5)
  4 adders
  11 gnolls (D:4)
  A white imp (D:5)
  A worm (D:3)
  A dart slug (D:4)
  13 orcs
  4 endoplasms
  A giant cockroach (D:4)
  2 goblins
  3 hobgoblins
  2 jackals (D:1)
  A quokka (D:5)
  2 ball pythons (D:3)
  2 frilled lizards (D:1)
  5 kobolds
  A rat (D:3)
61 creatures vanquished.

Table legend: (Time is in decaauts)
 A = Elapsed time spent in this place.
 B = Non-inter-level travel time spent in this place.
 C = Inter-level travel time spent in this place.
 D = Time resting spent in this place.
 E = Time spent auto-exploring this place.
 F = Levels seen in this place.
 G = Mean time per level.
                   A        B        C        D        E       F      G
               +--------+--------+--------+--------+--------+-----+--------+
         Total |   4952 |   4793 |    159 |    265 |   3589 |   5 |  990.4 |
       Dungeon |   4952 |   4793 |    159 |    265 |   3589 |   5 |  990.4 |
               +--------+--------+--------+--------+--------+-----+--------+

Top non-repeatable levels by time:
     D:4: 2049 daAuts
     D:3: 1128 daAuts
     D:2: 837 daAuts
     D:5: 583 daAuts
     D:1: 354 daAuts

Table legend:
 A = Non-vault XP
 B = Vault XP
 C = Vault XP percentage of total XP
 D = Non-vault monster count
 E = Vault monster count
 F = Vault count percentage of total count
                 A         B        C        D         E       F
            +---------+---------+-------+---------+---------+-------
      Total |     697 |      88 |  11.2 |      60 |       1 |   1.6
            +---------+---------+-------+---------+---------+-------
        D:1 |       9 |       0 |   0.0 |       6 |       0 |   0.0
        D:2 |      35 |       0 |   0.0 |       6 |       0 |   0.0
        D:3 |      68 |       0 |   0.0 |       8 |       0 |   0.0
        D:4 |     335 |       0 |   0.0 |      30 |       0 |   0.0
        D:5 |     250 |      88 |  26.0 |      10 |       1 |   9.1
            +---------+---------+-------+---------+---------+-------

Levels and vault maps discovered:
D:1:      amcnicky_arrival_choice, layout_loops_ring,
          ebering_ecumenical_altar_petrified
D:2:      layout_loops_cross
D:3:      layout_loops_ring, serial_glass, glass_columns_c, glass_columns_a
D:4:      layout_basic, nicolae_overflow_hidden_temple,
          nicolae_figureground_sparkle
D:5:      layout_rooms, dk_vineyard_3, kennysheep_generic_room_14
